 Dungeon Crawl Stone Soup version 0.18.1-8-gdd0e5ea (webtiles) character file.

424 Lul the Skirmisher (level 6, -4/48 HPs)
             Began as a Demonspawn Chaos Knight on June 8, 2016.
             Slain by an orc warrior
             ... wielding a +0 trident
              (14 damage)
             ... on level 4 of the Dungeon.
             The game lasted 00:17:05 (4357 turns).

Lul the Skirmisher (Demonspawn Chaos Knight)        Turns: 4357, Time: 00:17:06

Health: -4/48      AC:  9    Str: 14      XL:     6   Next: 64%
Magic:  0/6        EV: 13    Int: 13      God:    Xom [......]
Gold:   241        SH:  0    Dex: 12 (13) Spells: 0 memorised, 5 levels left

rFire  + . .     SeeInvis .     a - +0 falchion (chaos)
rCold  . . .     Gourm    .     b - +3 leather armour
rNeg   . . .     Faith    .     (no shield)
rPois  +         Spirit   +     p - +1 hat
rElec  .         Dismiss  +     f - +0 cloak
rCorr  .         Reflect  .     m - +0 pair of gloves
SustAt .         Harm     .     (no boots)
MR     .....                    d - amulet of dismissal
Stlth  ++........               (no ring)
                                l - ring of poison resistance

@: not resistant to hostile enchantments, unstealthy
A: fangs 1, talons 1, molten scales 1, deformed body, fire resistance 1,
screaming 1, magic shield
a: Renounce Religion


You were on level 4 of the Dungeon.
You worshipped Xom.
You were a very special plaything of Xom.
You were not hungry.

You visited 1 branch of the dungeon, and saw 4 of its levels.

You collected 241 gold pieces.

Inventory:

Hand Weapons
 a - a +0 falchion of chaos (weapon)
Armour
 b - a +3 leather armour (worn)
 f - a +0 cloak (worn)
 m - a +0 pair of gloves (worn)
 p - a +1 hat (worn)
Jewellery
 d - an amulet of dismissal (around neck)
 l - a ring of poison resistance (left hand)
Wands
 q - a wand of iceblast (0/15)
Scrolls
 j - 3 scrolls of remove curse
 o - a scroll of teleportation
Potions
 e - 4 potions of curing
 g - a potion of heal wounds
 h - a potion of resistance
 i - a potion of might {unknown}
 r - a potion of invisibility {unknown}
Comestibles
 c - 3 bread rations
 k - 2 meat rations
 n - a beef jerky


   Skills:
 + Level 4.0 Fighting
 + Level 3.9 Long Blades
 + Level 3.1 Armour
 + Level 3.6 Dodging
 + Level 2.1 Stealth


You had 5 spell levels left.
You didn't know any spells.

Dungeon Overview and Level Annotations

Branches:
Dungeon (4/15)
 Temple: D:4-7

Altars:
Pakellas
Xom


Innate Abilities, Weirdness & Mutations

You have sharp toenails.
You are partially covered in molten scales (AC +1).
Your flesh is heat resistant.
When hurt, damage is shared between your health and your magic reserves.
You have very sharp teeth.
Armour fits poorly on your strangely shaped body.
You occasionally shout uncontrollably at your foes.


Message History

The orc warrior barely misses you.
You hit the orc warrior but do no damage.
You bite the orc warrior, but do no damage.
The orc warrior is heavily wounded.
The orc warrior hits you with a trident.
You barely miss the orc warrior.
You claw the orc warrior, but do no damage.
The orc warrior is heavily wounded.
The orc warrior hits you with a trident!
You barely miss the orc warrior.
You claw the orc warrior, but do no damage.
Your bite misses the orc warrior.
The orc warrior is heavily wounded.
The orc warrior hits you with a trident!
* * * LOW HITPOINT WARNING * * *
A shower of butterflies erupts from you!
You swap places.
The orc warrior hits you from afar with a trident!
You die...
Xom titters!

#.#############
#.##..........#
#.##..........# #
###########.##o..)......####
.
...o........)'o.......>.....
##
#########.#o##.<.........###
.# #.#o############.# .#
#.#b##....# #.# .##
#.#@##....# #.# ..#
#.#b##....# #.# #.##
##.#.##....# #.# #..#
#....##....######.### ##.##
#.................... ##..#
#....###.########.### ###.#
##.#.# #.# #.# # #.## #.#.#
#.# #.#
#..#########.#.###.##### #.#


You could see an orc warrior and an orc.

Vanquished Creatures
  An ogre (D:3)
  A scorpion (D:4)
  An orc priest (D:4)
  A hound (D:4)
  Crazy Yiuf (D:3)
  A worker ant (D:4)
  4 gnolls (D:3)
  3 adders (D:3)
  An ooze (D:1)
  4 worms
  A dart slug (D:1)
  4 giant geckos
  2 orcs (D:4)
  8 bats
  6 giant cockroaches
  7 goblins
  8 hobgoblins
  9 jackals
  2 quokkas (D:4)
  A ball python (D:3)
  A giant gecko skeleton (D:4)
  7 giant newts
  5 kobolds
  A quokka skeleton (D:4)
  13 rats
93 creatures vanquished.

Vanquished Creatures (others)
  A howler monkey (D:4)
  An orc wizard (D:4)
  An adder (D:4)
  A giant gecko (D:4)
  An orc (D:4)
  2 jackals (D:4)
7 creatures vanquished.

Grand Total: 100 creatures vanquished

Notes
Turn   | Place    | Note
--------------------------------------------------------------
     0 | D:1      | Lul the Demonspawn Chaos Knight began the quest for the Orb.
     0 | D:1      | Reached XP level 1. HP: 18/18 MP: 1/1
     9 | D:1      | XOM: divination: detect items
   109 | D:1      | Reached skill level 1 in Dodging
   167 | D:1      | XOM: harmless Conj miscast
   184 | D:1      | XOM: divination: detect creatures
   217 | D:1      | XOM: 6-stop teleportation journey
   232 | D:1      | Gained mutation: Your flesh is heat resistant. [demonic ancestry]
   232 | D:1      | Reached XP level 2. HP: 24/24 MP: 2/2
   507 | D:1      | XOM: summons 4 hostile shadow creatures
   551 | D:1      | XOM: silly message
   917 | D:1      | XOM: mild Conj miscast
   936 | D:1      | XOM: medium Hex miscast
  1082 | D:1      | Gained mutation: You are partially covered in molten scales (AC +1). [demonic ancestry]
  1082 | D:1      | Reached XP level 3. HP: 26/29 MP: 3/3
  1083 | D:1      | XOM: confusion
  1909 | D:2      | Gained mutation: You have sharp toenails. [demonic ancestry]
  1909 | D:2      | Reached XP level 4. HP: 34/35 MP: 4/4
  2032 | D:3      | Noticed an ogre
  2036 | D:3      | XOM: scenery: create altars
  2043 | D:3      | Killed an ogre
  2043 | D:3      | Gained mutation: When hurt, damage is shared between your health and your magic reserves. [demonic ancestry]
  2043 | D:3      | Reached XP level 5. HP: 29/41 MP: 5/5
  2138 | D:3      | XOM: 1-stop teleportation journey
  2163 | D:3      | Reached skill level 1 in Stealth
  2301 | D:3      | XOM: colour smoke trail
  2344 | D:3      | XOM: mild Trmt miscast
  2726 | D:3      | Noticed Crazy Yiuf
  2737 | D:3      | Killed Crazy Yiuf
  3080 | D:3      | XOM: silly message
  3165 | D:3      | XOM: divination: magic mapping
  3227 | D:3      | Reached XP level 6. HP: 40/48 MP: 4/6
  3306 | D:3      | Found an oddly glowing altar of Pakellas.
  3418 | D:4      | XOM: silly message
  3477 | D:4      | XOM: god gift: 18 gold pieces
  3485 | D:4      | XOM: severe Erth miscast
  3567 | D:4      | Reached skill level 4 in Fighting
  3627 | D:4      | Found a shimmering altar of Xom.
  3741 | D:4      | Gained mutation: Armour fits poorly on your strangely shaped body. [potion of mutation]
  3741 | D:4      | Gained mutation: You occasionally shout uncontrollably at your foes. [potion of mutation]
  3741 | D:4      | Gained mutation: You have very sharp teeth. [potion of mutation]
  3894 | D:4      | Noticed an orc warrior
  4064 | D:3      | XOM: stat loss: -1 Dex (12/13)
  4356 | D:4      | XOM: butterfly on damage
  4357 | D:4      | Slain by an orc warrior

Skill      XL: |  1  2  3  4  5  6 |
---------------+-------------------+-----
Dodging        | 1 2 3 |  3.6
Long Blades    | 3 |  3.9
Armour         | 2 3 |  3.1
Stealth        | 1 2 |  2.1
Fighting       | 4 |  4.0

Action                   |  1- 3 |  4- 6 || total
-------------------------+-------+-------++-------
Melee: Falchion          |   170 |   177 ||   347
       Kick              |       |    55 ||    55
       Bite              |       |     4 ||     4
Evoke: Wand              |       |     4 ||     4
  Use: Scroll            |     6 |     5 ||    11
       Potion            |     1 |     4 ||     5
 Stab: Petrifying        |     1 |     2 ||     3
       Paralysed         |       |     2 ||     2
       Confused          |       |     1 ||     1
       Sleeping          |       |     1 ||     1
  Eat: Chunk             |     3 |     7 ||    10
       Fruit             |       |     3 ||     3
Armor: Leather armour    |    63 |    60 ||   123
Dodge: Dodged            |   110 |    86 ||   196
